 Dungeon Crawl Stone Soup version 0.29.1-1-gd02db6906a (webtiles) character file.

Game seed: 7145214261457909735

347 Ashen the Chiller (level 6, 46/46 HPs)
             Began as a Demonspawn Ice Elementalist on Sept 17, 2022.
             Was an Initiate of Vehumet.
             Got out of the dungeon alive.
             The game lasted 00:06:28 (4824 turns).

Ashen the Chiller (Demonspawn Ice Elementalist)     Turns: 4824, Time: 00:06:29

Health: 46/46      AC:  2    Str:  8    XL:     6   Next: 32%
Magic:  10/10      EV: 13    Int: 19    God:    Vehumet [......]
Gold:   93         SH:  0    Dex: 13    Spells: 4/11 levels left

rFire   . . .      SeeInvis .   v - +1 dagger (venom)
rCold   + . .      Faith    .   (no shield)
rNeg    . . .      Spirit   .   (no body armour)
rPois   +          Reflect  .   (no helmet)
rElec   .          Harm     .   s - +0 cloak
rCorr   .          Rampage  .   (no gloves)
Will    .....                   (no boots)
Stlth   ++........              o - amulet of magic regeneration
HPRegen 0.15/turn               f - ring of poison resistance
MPRegen 0.52/turn               q - ring of protection from cold

@: no status effects
A: demonic guardian 1, foul stench 1, sharp scales 1
a: Renounce Religion


You escaped.
You worshipped Vehumet.
Vehumet was noncommittal.
You visited 1 branch of the dungeon, and saw 4 of its levels.

You collected 93 gold pieces.

Inventory:

Hand Weapons
 u - a +0 rapier
 v - a +1 dagger of venom (weapon)
 A - a +2 whip of electrocution
Armour
 s - a +0 cloak (worn)
Jewellery
 f - a ring of poison resistance (left hand)
 n - an amulet of faith
 o - an amulet of magic regeneration (around neck)
 q - a ring of protection from cold (right hand)
Wands
 y - a wand of flame (17)
Scrolls
 a - a scroll of blinking {unknown}
 e - a scroll of silence {unknown}
 g - 2 scrolls of fog {unknown}
 h - a scroll of summoning {unknown}
 i - a scroll of enchant armour {unknown}
 k - 5 scrolls of identify {unknown}
 l - 2 scrolls of immolation {unknown}
 t - 2 scrolls of fear {unknown}
 w - a scroll of amnesia {unknown}
 x - 2 scrolls of vulnerability {unknown}
Potions
 b - a potion of magic
 c - a potion of lignification {unknown}
 d - a potion of might {unknown}
 j - a potion of curing {unknown}
 m - 2 potions of mutation {unknown}
 p - a potion of flight {unknown}
 r - a potion of ambrosia {unknown}
 z - a potion of invisibility {unknown}


   Skills:
 + Level 2.5 Fighting
 + Level 3.1 Dodging
 + Level 3.3 Stealth
 + Level 3.2 Spellcasting
 + Level 4.4 Ice Magic


You had 4 spell levels left.
You knew the following spells:

 Your Spells              Type           Power      Damage    Failure   Level
a - Freeze                Ice            80%        1d9       2%          1
b - Frozen Ramparts       Ice            40%        1d7       7%          3
c - Ozocubu's Armour      Ice            20%        N/A       7%          3

Your spell library contained the following spells:

 Spells                   Type           Power      Damage    Failure   Level
 Slow                     Hex            12%        N/A       16%         1
 Poisonous Vapours        Pois/Air       6%         N/A       22%         2
 Static Discharge         Conj/Air       3%         3-4/arc   22%         2
 Summon Guardian Golem    Hex/Summ       3%         N/A       41%         3
 Hailstorm                Conj/Ice       11%        3d5       52%         4
 Cause Fear               Hex            1%         N/A       83%         4
 Corpse Rot               Necr/Pois/Air  3%         N/A       83%         4
 Lightning Bolt           Conj/Air       1%         1d12      99%         5
 Maxwell's Capacitive Co  Air            1%         ∞         100%        8


Dungeon Overview and Level Annotations

Branches:
Dungeon (4/15)
 Temple: D:4-7

Altars:
Dithmenos
Vehumet
Wu Jian

Portals:
Abyss: D:4

Annotations:
D:3 1 runed translucent door, windycow's ghost, amateur DsHu
D:4 2 transporters, exclusion: downstairs, sleepyPrincex's ghost, amateur MfIE


Innate Abilities, Weirdness & Mutations

A weak demonic guardian rushes to your aid.
You may rarely emit foul miasma when damaged in melee.
You are partially covered in razor-sharp scales. (AC +1, Slay +1)


Message History

You begin to emit a foul stench of rot and decay.
A scorpion comes into view.
You can't go up here!
You hit the scorpion.
The scorpion is poisoned.
The scorpion is lightly wounded.
The scorpion misses you.
You hit the scorpion but do no damage.
The scorpion looks as sick as possible!
The scorpion is moderately wounded.
The scorpion barely misses you.
You hit the scorpion but do no damage.
The scorpion looks as sick as possible!
The scorpion is heavily wounded.
The scorpion stings you.
You hit the scorpion but do no damage.
The scorpion looks as sick as possible!
Your punch misses the scorpion.
The scorpion is almost dead.
You kill the scorpion!
Vehumet accepts your kill.
No target in view!
You see here a scorpion corpse.
You are no longer corroded.
There is a stone staircase leading down here.
Found 9 gold pieces.
There is a stone staircase leading up here.
You climb upwards.
Level annotation: 1 runed translucent door, windycow's ghost, amateur DsHu
There is a stone staircase leading down here.
You see here a +0 club.
There is a stone staircase leading up here.
You climb upwards.
There is a stone staircase leading down here.
You see here a ball python skeleton.
There is a stone staircase leading up here.
You climb upwards.
There is a stone staircase leading down here.
You see here a +0 club.
You see here a +0 ring mail.
There is an open door here.
There is a staircase leading out of the dungeon here.
Are you sure you want to leave the Dungeon?
This will make you lose the game!
You have escaped!

#.#
###'###
##≈♣.♣≈##
#≈≈♣.♣≈≈#
#≈≈♣.♣≈≈#
#≈♣...♣≈#
♣.....♣
#.#.#>#
###@###
###


There were no monsters in sight!

Vanquished Creatures
  2 scorpions
  A hound (D:3)
  Crazy Yiuf (D:2)
  A jelly (D:4)
  7 adders
  A worm (D:3)
  3 dart slugs
  An orc (D:4)
  2 ball pythons (D:2)
  6 bats
  7 endoplasms
  4 giant cockroaches
  6 goblins
  6 hobgoblins
  4 jackals (D:2)
  8 kobolds
  2 quokkas
  5 frilled lizards
  3 rats (D:2)
70 creatures vanquished.

Vanquished Creatures (collateral kills)
  A goblin (D:4)
  A kobold (D:4)
  A frilled lizard (D:3)
3 creatures vanquished.

Vanquished Creatures (others)
  5 plants (D:3)
  4 withered plants (D:2)
9 creatures vanquished.

Grand Total: 82 creatures vanquished

Notes
Turn   | Place    | Note
-------+----------+-------------------------------------------
     0 | D:1      | Ashen the Demonspawn Ice Elementalist began the quest for
                  | the Orb.
     0 | D:1      | Reached XP level 1. HP: 13/13 MP: 3/3
   313 | D:1      | Gained mutation: A weak demonic guardian rushes to your
                  | aid. [demonic ancestry]
   313 | D:1      | Reached XP level 2. HP: 14/20 MP: 3/5
   596 | D:1      | Got Sif Muna's Tractate on the Oath
  1247 | D:2      | Found a faded altar of an unknown god.
  1314 | D:2      | Reached skill level 1 in Fighting
  1318 | D:2      | Reached XP level 3. HP: 22/26 MP: 1/6
  2147 | D:2      | Reached XP level 4. HP: 32/32 MP: 4/7
  2506 | D:2      | Reached skill level 4 in Ice Magic
  2655 | D:2      | Learned a level 3 spell: Frozen Ramparts
  2659 | D:2      | Learned a level 3 spell: Ozocubu's Armour
  2666 | D:2      | Found a runed translucent door.
  2667 | D:2      | Noticed Crazy Yiuf
  2675 | D:2      | Killed Crazy Yiuf
  2992 | D:3      | Noticed windycow's ghost (amateur DsHu)
  2996 | D:3      | Found a runed translucent door.
  3154 | D:3      | Gained mutation: You are partially covered in razor-sharp
                  | scales. (AC +1, Slay +1) [demonic ancestry]
  3154 | D:3      | Reached XP level 5. HP: 38/38 MP: 9/9
  3681 | D:3      | Found a shadowy altar of Dithmenos.
  3898 | D:3      | Found an ornate altar of the Wu Jian Council.
  4172 | D:4      | Found a transporter.
  4182 | D:4      | Noticed a small abomination
  4201 | D:4      | Found a transporter.
  4202 | D:4      | Noticed an ancient zyme
  4323 | D:4      | Found a radiant altar of Vehumet.
  4331 | D:4      | Became a worshipper of Vehumet
  4628 | D:4      | Found a one-way gate to the infinite horrors of the Abyss.
  4628 | D:4      | Noticed sleepyPrincex's ghost (amateur MfIE)
  4658 | D:4      | Gained mutation: You may rarely emit foul miasma when
                  | damaged in melee. [demonic ancestry]
  4658 | D:4      | Reached XP level 6. HP: 39/45 MP: 8/10
  4824 | D:$      | Got out of the dungeon alive.

Illustrated notes

Levels and vault maps discovered:
D:1:      saegor_arrival_simple_d, layout_loops_ring, minmay_splitting_lines
D:2:      layout_loops_corners, ebering_ecumenical_altar_petrified,
          uniq_crazy_yiuf_cottage
D:3:      layout_loops_cross, tso_altar, mainiacjoe_overflow_alcove_4,
          marbit_many_paths, hellmonk_ghost_happy_afterlife,
          wander_ebering_terrifying_dragon_lair
D:4:      layout_basic, mainiacjoe_overflow_six_doors_small,
          vehumet_altar_wand_db, gammafunk_ghost_abyssal_escape,
          nicolae_specific_store, minmay_snake_closets

Skill      XL: |  1  2  3  4  5 |
---------------+----------------+-----
Stealth        | 2 3 |  3.3
Dodging        | 2 3 |  3.1
Fighting       | 1 2 |  2.5
Ice Magic      | 4 |  4.4
Spellcasting   | 3 |  3.2

Action                   |  1- 3 |  4- 6 || total
-------------------------+-------+-------++-------
Melee: Unarmed           |     7 |       ||     7
       Punch             |     1 |       ||     1
       Short sword       |    50 |    24 ||    74
       Rapier            |       |    21 ||    21
       Dagger            |       |    21 ||    21
 Cast: Freeze            |    41 |    39 ||    80
       Frozen Ramparts   |       |     1 ||     1
 Stab: Sleeping          |     5 |     9 ||    14
       Distracted        |       |     1 ||     1
Armor: Robe              |    24 |    13 ||    37
       Skin              |       |    10 ||    10
Dodge: Dodged            |    76 |    69 ||   145
